 Dungeon Crawl Stone Soup version 0.24-a0-584-g9d6b971ae4 (webtiles) character file.

Game seed: 17833460869227156804, levelgen mode: deterministic

66 Mithandil the Skirmisher (level 3, 0/29 HPs)
             Began as a Demonspawn Abyssal Knight on Sept 4, 2019.
             Was a Follower of Lugonu.
             Slain by a worm (7 damage)
             ... on level 2 of the Dungeon.
             The game lasted 00:04:20 (1358 turns).

Mithandil the Skirmisher (DsAK)                     Turns: 1358, Time: 00:04:21

Health: 0/29       AC:  3    Str: 13    XL:     3   Next: 96%
Magic:  5/5        EV: 11    Int: 13    God:    Lugonu [*.....]
Gold:   101        SH:  0    Dex: 12    Spells: 2/2 levels left

rFire    . . .     SeeInvis .   a - +1 falchion
rCold    . . .     Gourm    .   (no shield)
rNeg     . . .     Faith    .   b - +0 leather armour
rPois    .         Spirit   .   (no helmet)
rElec    .         Reflect  .   (no cloak)
rCorr    .         Harm     .   (no gloves)
MR       .....                  (no boots)
Stlth    +.........             (no amulet)
HPRegen  0.09/turn              (no ring)
MPRegen  0.09/turn              (no ring)

@: no status effects
A: spiny 1, rot immunity
a: Depart the Abyss, Renounce Religion


You were on level 2 of the Dungeon.
You worshipped Lugonu.
Lugonu was aware of your devotion.
You were not hungry.

You visited 1 branch of the dungeon, and saw 3 of its levels.
You visited the Abyss 1 time.

You collected 101 gold pieces.

Inventory:

Hand Weapons
 a - a +1 falchion (weapon)
 f - a +0 hunting sling
 k - a +1 hand axe of electrocution
Missiles
 g - 6 curare-tipped darts (quivered)
Armour
 b - a +0 leather armour (worn)
Scrolls
 d - a scroll of fear {unknown}
 h - a scroll of identify {unknown}
 i - a scroll of magic mapping {unknown}
Comestibles
 c - 5 rations
 j - 4 chunks of flesh


   Skills:
 + Level 3.2 Fighting
 * Level 2.4 Long Blades
 + Level 2.0 Armour
 + Level 1.5 Dodging
 + Level 1.0 Stealth
 + Level 0.9 Unarmed Combat
 + Level 3.1 Invocations


You had 2 spell levels left.
You didn't know any spells.
Your spell library was empty.

Dungeon Overview and Level Annotations

Branches:
Dungeon (3/15)

Altars:


Innate Abilities, Weirdness & Mutations

You are partially covered in sharp spines.
You are immune to rotting.


Message History

The worm closely misses you.
You riposte.
You barely miss the worm.
The worm is lightly wounded.
You hit the worm but do no damage.
The worm is lightly wounded.
You hit the worm.
The worm is heavily wounded.
The worm is struck by your spines. The worm bites you!
You barely miss the worm.
The worm is heavily wounded.
The worm bites you.
You hit the worm but do no damage.
The worm is moderately wounded.
The worm is struck by your spines. The worm bites you.
* * * LOW HITPOINT WARNING * * *
You hit the worm but do no damage.
The worm is heavily wounded.
You barely miss the worm.
The worm is heavily wounded.
The worm is struck by your spines. The worm bites you!
You die...

#<......'.........'...
##....###.........####
##.#.# ##.......##
###.## ##.....## #...#
##...## #...# ##'##
#...# #.# ##.## #.#
#@# #.# #w# ...
#...w.........
#.##.#..##.... #
#.#..# #.. ... ###
.#.. ##.# ..


You could see 2 worms.

Vanquished Creatures
  Natasha (D:2)
  An ooze (D:3)
  A dart slug (D:1)
  2 bats
  A giant cockroach (D:2)
  3 goblins
  3 hobgoblins
  11 jackals
  4 kobolds
  2 frilled lizards (D:1)
  A rat (D:1)
30 creatures vanquished.

Notes
Turn   | Place    | Note
-------+----------+-------------------------------------------
     0 | Abyss:1  | Mithandil the Demonspawn Abyssal Knight began the quest for
                  | the Orb.
     0 | Abyss:1  | Reached XP level 1. HP: 18/18 MP: 2/2
    41 | Abyss:2  | Noticed a tentacled starspawn
    41 | D:1      | Escaped the Abyss
   194 | D:1      | Reached skill level 1 in Dodging
   320 | D:1      | Gained mutation: You are partially covered in sharp spines.
                  | [demonic ancestry]
   320 | D:1      | Reached XP level 2. HP: 21/24 MP: 3/3
   358 | D:2      | Noticed Natasha
   363 | D:2      | Killed Natasha
   363 | D:2      | Reached * piety under Lugonu
   363 | D:2      | Gained mutation: You are immune to rotting. [demonic
                  | ancestry]
   363 | D:2      | Reached XP level 3. HP: 12/29 MP: 3/5
  1014 | D:3      | Reached skill level 1 in Stealth
  1358 | D:2      | Slain by a worm

Levels and vault maps discovered:
D:1:      nicolae_arrival_somewhat_less_tricky_arrival, layout_basic,
          st_stairs_1, hangedman_decor_push
D:2:      layout_loops_corners, minmay_overflow_temple_star_quad, corexii_shack,
          uniq_natasha
D:3:      layout_basic, first_ration

Skill      XL: |  1  2  3 |
---------------+----------+-----
Long Blades    | 2 |  2.4
Dodging        | 1 |  1.5
Armour         | 2 |  2.0
Stealth        | 1 |  1.0
Invocations    | 3 |  3.1
Fighting       | |  3.2
Unarmed Combat | |  0.9

Action                   || total
-------------------------++-------
Melee: Falchion          ||    63
       Punch             ||     1
Invok: Depart the Abyss  ||     1
  Use: Potion            ||     1
 Stab: Sleeping          ||     1
  Eat: Chunk             ||     1
Armor: Leather armour    ||    11
Dodge: Dodged            ||    30
       Rpst.: Falchion   ||    12

Table legend:
 A = Non-vault XP
 B = Vault XP
 C = Vault XP percentage of total XP
 D = Non-vault monster count
 E = Vault monster count
 F = Vault count percentage of total count
                 A         B        C        D         E       F
            +---------+---------+-------+---------+---------+-------
      Total |      57 |      38 |  40.0 |      27 |       3 |  10.0
            +---------+---------+-------+---------+---------+-------
        D:1 |      36 |       3 |   7.7 |      18 |       2 |  10.0
        D:2 |      14 |      35 |  71.4 |       8 |       1 |  11.1
        D:3 |       7 |       0 |   0.0 |       1 |       0 |   0.0
            +---------+---------+-------+---------+---------+-------
